 Dungeon Crawl Stone Soup version 0.31-a0-115-g4708a659fe (webtiles) character file.

Game seed: 13053805451577492383

26 Jeffwins the Digger (level 3, -5/18 HPs)
             Began as a Vine Stalker Wanderer on May 29, 2023.
             Slain by Sigmund
             ... wielding a +0 scythe
              (8 damage)
             ... on level 2 of the Dungeon.
             The game lasted 00:03:11 (954 turns).

Jeffwins the Digger (Vine Stalker Wanderer)          Turns: 954, Time: 00:03:11

Health: -5/18      AC:  2    Str: 10    XL:     3   Next: 8%
Magic:  0/6        EV: 10    Int: 18    God:
Gold:   50         SH:  4    Dex: 13    Spells: 1/5 levels left

rFire   . . .        a - +0 dagger
rCold   . . .        d - +0 buckler
rNeg    . . .        c - +0 robe
rPois   .            (no helmet)
rElec   .            (no cloak)
rCorr   .            (no gloves)
SInv    .            (no boots)
Will    .....        (no amulet)
Stlth   ++           (no ring)
HPRegen 0.23/turn    (no ring)
MPRegen 0.10/turn

%: guardian spirit
@: brilliant
A: fangs 2, magic shield, antimagic bite, no potion heal 2
a: no special abilities


You were on level 2 of the Dungeon.
You visited 1 branch of the dungeon, and saw 2 of its levels.

You collected 50 gold pieces.


Innate Abilities, Weirdness & Mutations

You have extremely sharp teeth.
When hurt, damage is shared between your health and your magic reserves.
Your bite disrupts and absorbs the magic of your enemies.
Potions cannot restore your health.


   Skills:
 + Level 1.3 Fighting
 + Level 1.7 Stealth
 + Level 1.2 Shields
 * Level 1.9 Spellcasting
 * Level 0.0 Conjurations
 - Level 3.0 Air Magic
 * Level 3.3 Earth Magic


You had one spell level left.
You knew the following spells:

 Your Spells              Type           Power      Damage    Failure   Level
x - Stone Arrow           Conj/Erth      22%        3d8       36%         3
z - Sandblast             Erth           40%        2d10      7%          1

Your spell library contained the following spells:

 Spells                   Type           Power      Damage    Failure   Level
 Shock                    Conj/Air       40%        1d5       14%         1
 Magic Dart               Conj           8%         1d3       26%         1
 Call Imp                 Summ           4%         N/A       38%         2
 Mephitic Cloud           Conj/Pois/Air  8%         N/A       45%         3
 Summon Lightning Spire   Summ/Air       10%        N/A       82%         4

Inventory:

Hand Weapons
 a - a +0 dagger (weapon)
Armour
 c - a +0 robe (worn)
 d - a +0 buckler (worn)
Scrolls
 b - a scroll of fear
 f - a scroll of enchant armour {unknown}
 g - 2 scrolls of identify {unknown}

Dungeon Overview and Level Annotations

Branches:
Dungeon (2/15)

Altars:

Annotations:
D:2 Sigmund

♣.♣♣ #.# ♣.♣♣
#.# ♣..♣ #.#
♣♣.♣ #######.#
♣.♣♣
#......>#####
♣..♣
#.....#.....#
♣♣.♣
#...).#{###...#
♣.♣ #######.#
.. ♣♣.♣ #@#
♣.♣♣ #.# ♣♣.♣
#.# ♣♣.♣♣
#######.# ♣..♣
###.......#
♣..♣
#<#.#######
♣..♣ #.#.# ♣..♣
##.#.#
##..###..#.#


There were no monsters in sight!


Message History

Press: ? - help, Shift-Dir - straight line, f - endoplasm
Aim: an endoplasm (98% to hit)
The blast of sand hits the endoplasm!
You kill the endoplasm!
Unknown command.
Casting: Sandblast (safe; 7% risk of failure)
Confirm with . or Enter, or press ? or * to list all spells.
You can't see any susceptible monsters within range! (Use Z to cast anyway.)
You hear some strange, mumbled words.
A puff of flame appears from out of thin air!
The puff of flame hits you!
Casting: Sandblast (safe; 7% risk of failure)
Confirm with . or Enter, or press ? or * to list all spells.
Aiming: Sandblast (safe; 7% risk of failure)
Press: ? - help, Shift-Dir - straight line The blast of sand hits something.
Something hits you!
* * * LOW HITPOINT WARNING * * *
Unknown command.
Casting: Sandblast (safe; 7% risk of failure)
Confirm with . or Enter, or press ? or * to list all spells.
Aiming: Sandblast (safe; 7% risk of failure)
Press: ? - help, Shift-Dir - straight line Something hits you.
* * * LOW HITPOINT WARNING * * *
Unknown command.
Okay, then.
It was a potion of brilliance.
You feel clever all of a sudden. Something hits you!
You die...

Action                     || total
---------------------------++-------
  Melee: Dagger            ||    72
         Bite              ||    18
   Cast: Sandblast         ||    12
    Use: Potion            ||     1
   Stab: Sleeping          ||     2
         Distracted        ||     1
 Armour: Robe              ||    28
  Dodge: Dodged            ||    52
  Block: Buckler           ||    14

Levels and vault maps discovered:
D:1:      scummos_arrival_checkerplants, layout_loops_ring
D:2:      kb_forest_paths, layout_basic, hangedman_decor_push, hex_tiny,
          uniq_sigmund, uniq_jessica

Notes
Turn   | Place    | Note
-------+----------+-------------------------------------------
     0 | D:1      | Jeffwins the Vine Stalker Wanderer began the quest for the
                  | Orb.
     0 | D:1      | Jeffwins set off with the following items: a +0 dagger, a
                  | scroll of fear, a +0 robe, a +0 buckler; and the following
                  | spells available to memorise: Sandblast, Shock, Stone
                  | Arrow, Mephitic Cloud, Summon Lightning Spire.
     0 | D:1      | Reached XP level 1. HP: 10/10 MP: 3/3
     2 | D:1      | Learned a level 1 spell: Sandblast
   179 | D:1      | Reached XP level 2. HP: 10/14 MP: 5/5
   914 | D:2      | Reached XP level 3. HP: 18/18 MP: 6/6
   918 | D:2      | Learned a level 3 spell: Stone Arrow
   937 | D:2      | Noticed Sigmund
   954 | D:2      | Slain by Sigmund

Vanquished Creatures
  2 endoplasms
  A giant cockroach (D:1)
  A goblin (D:1)
  2 hobgoblins (D:1)
  3 jackals (D:1)
  5 kobolds
  4 bats
  A frilled lizard (D:1)
  4 rats
23 creatures vanquished.

Table legend: (Time is in decaauts)
 A = Elapsed time spent in this place.
 B = Non-inter-level travel time spent in this place.
 C = Inter-level travel time spent in this place.
 D = Time resting spent in this place.
 E = Time spent auto-exploring this place.
 F = Levels seen in this place.
 G = Mean time per level.
                   A        B        C        D        E       F      G
               +--------+--------+--------+--------+--------+-----+--------+
         Total |    963 |    942 |     21 |      0 |    727 |   2 |  481.5 |
       Dungeon |    963 |    942 |     21 |      0 |    727 |   2 |  481.5 |
               +--------+--------+--------+--------+--------+-----+--------+

Top non-repeatable levels by time:
     D:1: 803 daAuts
     D:2: 159 daAuts

Table legend:
 A = Non-vault XP
 B = Vault XP
 C = Vault XP percentage of total XP
 D = Non-vault monster count
 E = Vault monster count
 F = Vault count percentage of total count
                 A         B        C        D         E       F
            +---------+---------+-------+---------+---------+-------
      Total |      37 |       1 |   2.6 |      22 |       1 |   4.3
            +---------+---------+-------+---------+---------+-------
        D:1 |      31 |       0 |   0.0 |      18 |       0 |   0.0
        D:2 |       6 |       1 |  14.3 |       4 |       1 |  20.0
            +---------+---------+-------+---------+---------+-------
